 Dungeon Crawl Stone Soup version 0.18.1-5-g4a78601 (webtiles) character file.

22 oplop the Chiller (level 2, 0/17 HPs)
             Began as an Octopode Ice Elementalist on May 9, 2016.
             Succumbed to a kobold's poison
             ... on level 1 of the Dungeon.
             The game lasted 00:00:54 (543 turns).

oplop the Chiller (Octopode Ice Elementalist)        Turns: 543, Time: 00:00:55

Health: 0/17       AC:  3    Str:  9    XL:     2   Next: 91%
Magic:  2/5        EV: 18    Int: 17    God:
Gold:   52         SH:  0    Dex: 17    Spells: 1 memorised, 4 levels left

rFire  . . .     SeeInvis .     (no weapon)
rCold  . . .     Gourm    .     (no shield)
rNeg   . . .     Faith    .     (helmet restricted)
rPois  .         Spirit   .     (no amulet)
rElec  .         Dismiss  .     (no ring)
rCorr  .         Reflect  .     (no ring)
SustAt .         Harm     .     (no ring)
MR     .....                    (no ring)
Stlth  ++++......               (no ring)
                                (no ring)
                                (no ring)
                                (no ring)

@: agile, lethally poisoned (0 -> -21), not resistant to hostile enchantments,
stealthy
A: almost no armour, amphibious, 8 rings, constrict 8, thin metallic scales 1,
camouflage 1, strong 1, gelatinous body 1, no device heal 1
a: no special abilities


You were on level 1 of the Dungeon.
You were not hungry.

You visited 1 branch of the dungeon, and saw 1 of its levels.

You collected 52 gold pieces.

Inventory:

Jewellery
 h - a cursed -3 ring of intelligence {unknown}
 i - an uncursed ring of magical power {unknown}
Scrolls
 d - a scroll of immolation {unknown}
 f - a scroll of recharging {unknown}
Potions
 c - a potion of agility
 e - a potion of lignification {unknown}
 g - a potion of mutation
Books
 a - a book of Frost

   Spells                             Type                      Level
   a - Freeze                         Ice                          1
   b - Throw Frost                    Conjuration/Ice              2
   c - Ozocubu's Armour               Charms/Ice                   3
   d - Throw Icicle                   Conjuration/Ice              4
   e - Summon Ice Beast               Ice/Summoning                4
Comestibles
 b - 2 bread rations


   Skills:
 + Level 2.5 Dodging
 - Level 2.6 Stealth
 + Level 2.2 Spellcasting
   Level 1.0 Conjurations
 + Level 3.4 Ice Magic


You had 4 spell levels left.
You knew the following spells:

 Your Spells              Type           Power        Failure   Level  Hunger
a - Freeze                Ice            ##..         4%          1    #......


Dungeon Overview and Level Annotations

Branches:
Dungeon (1/15)

Altars:


Innate Abilities, Weirdness & Mutations

You cannot wear most types of armour.
You are amphibious.
You can wear up to eight rings at the same time.
You can use your tentacles to constrict eight enemies at once.
Your skin changes colour to match your surroundings (Stealth).
Your rubbery body absorbs attacks (AC +1).
You are partially covered in thin metallic scales (AC +2).
Your muscles are strong. (Str +2)
Potions and wands are less effective at restoring your health.


Message History

Press: ? - help, Shift-Dir - straight line, f - kobold
Aim: a kobold, wielding a dagger of venom You freeze the kobold.
You kill the kobold!
* * * LOW HITPOINT WARNING * * *
You feel sick.
Casting: Freeze
Confirm with . or Enter, or press ? or * to list all spells.
You can't see any susceptible monsters within range! (Use Z to cast anyway.) Drink which item? (? for menu, Esc to quit)
It was a potion of agility.
You feel agile all of a sudden.
* * * LOW HITPOINT WARNING * * *
You feel sick.
Drink which item? (? for menu, Esc to quit)
It was a potion of mutation.
You feel extremely strange.
Your system partially rejects artificial healing.
Thin metallic scales grow over part of your body.
You feel stronger.
You die...

#.....'.........#.#.....#
#.....#######.....#.#####
####### #...÷÷.#.####
######...##......#
######.......#...#.#### ###
#............#.###...# ..#
#....÷...#.........#.# #
#.#######......[.########....# #
........##.....)@.......'....# #
..#####.###########'#####....# #
..# #...............# #....# #
..########.#######....# #....# #
.†...#####.# ##....# #....# #
.....#.....######.....# #....# #
.....#.###........###.# ###### #
###....###...###..# #.# #######
##....#.....###..###.#####....##


There were no monsters in sight!

Vanquished Creatures
  A dart slug (D:1)
  A giant gecko (D:1)
  2 ball pythons (D:1)
  2 bats (D:1)
  4 hobgoblins (D:1)
  3 jackals (D:1)
  A kobold (D:1)
  4 rats (D:1)
18 creatures vanquished.

Notes
Turn   | Place    | Note
--------------------------------------------------------------
     0 | D:1      | oplop the Octopode Ice Elementalist began the quest for the Orb.
     0 | D:1      | Reached XP level 1. HP: 11/11 MP: 3/3
   166 | D:1      | Reached XP level 2. HP: 17/17 MP: 5/5
   543 | D:1      | Gained mutation: Potions and wands are less effective at restoring your health. [potion of mutation]
   543 | D:1      | Gained mutation: You are partially covered in thin metallic scales (AC +2). [potion of mutation]
   543 | D:1      | Gained mutation: Your muscles are strong. (Str +2) [potion of mutation]
   543 | D:1      | Succumbed to a kobold's poison

Action                   || total
-------------------------++-------
Melee: Unarmed           ||    34
       Constrict         ||    12
       Tentacles         ||    10
 Cast: Freeze            ||     7
  Use: Potion            ||     2
 Stab: Sleeping          ||     6
Armor: Skin              ||     7
Dodge: Dodged            ||    26
